 Dungeon Crawl Stone Soup version 0.27-a0-1188-g73eefd5def (webtiles) character file.

Game seed: 10981024189330960011

3678 Fv001 the Cleaver (level 10, -1/73 HPs)
             Began as a Djinni Berserker on May 21, 2021.
             Was an Elder of Trog.
             Slain by a troll (9 damage)
             ... on level 7 of the Dungeon.
             The game lasted 00:15:58 (5079 turns).

Fv001 the Cleaver (Djinni Berserker)                Turns: 5079, Time: 00:15:59

Health: -1/73      AC: 15    Str: 19    XL:     10   Next: 34%
Gold:   360        EV:  7    Int:  9    God:    Trog [****..] SH:  0 Dex: 13

rFire    + + .     SeeInvis .   a - +1 war axe (vamp)
rCold    x . .     Faith    .   (no shield)
rNeg     + . .     Spirit   .   l - +0 plate armour
rPois    ∞         Reflect  .   (no helmet)
rElec    .         Harm     .   r - +0 cloak
rCorr    .         Rampage  .   j - +0 pair of gloves
Will     +++..                  (boots unavailable)
Stlth    ..........             d - amulet of regeneration
HPRegen  2.22/turn              p - ring of positive energy
MPRegen  0.00/turn              (no ring)

@: strong-willed, on berserk cooldown, flying, regenerating, slowed, very slow
A: sickness immunity, fire resistance 2, cold vulnerability 1, float, innate
caster, hp casting, extra vitality 1
a: Renounce Religion, Berserk, Trog's Hand, Brothers in Arms


You were on level 7 of the Dungeon.
You worshipped Trog.
Trog was greatly pleased with you.
You visited 1 branch of the dungeon, and saw 8 of its levels.

You collected 360 gold pieces.

Inventory:

Hand Weapons
 a - a +1 vampiric war axe (weapon)
 b - a +4 mace
Armour
 j - a +0 pair of gloves (worn)
 l - a +0 plate armour (worn)
 r - a +0 cloak (worn)
Jewellery
 d - an amulet of regeneration (around neck)
 p - a ring of positive energy (left hand)
Scrolls
 g - 2 scrolls of fear {unknown}
 k - 7 scrolls of fog
 m - 2 scrolls of teleportation {unknown}
 o - 2 scrolls of magic mapping {unknown}
 t - a scroll of blinking {unknown}
 u - a scroll of silence {unknown}
Potions
 c - 2 potions of cancellation {unknown}
 e - 3 potions of curing
 f - a potion of resistance {unknown}
 h - 2 potions of lignification
 i - 2 potions of mutation
 n - 2 potions of flight {unknown}
 q - 2 potions of might
 s - a potion of heal wounds {unknown}
 v - a potion of magic {unknown}


   Skills:
 + Level 6.8 Fighting
 + Level 9.2 Axes
 + Level 7.1 Armour
 + Level 3.7 Dodging
 + Level 0.5 Stealth


You had one spell level left.
You knew the following spells:

 Your Spells              Type           Power      Damage    Failure   Level
a - Foxfire               Conj/Fire      0%         2x1d4     100%        1
b - Poisonous Vapours     Pois/Air       0%         N/A       100%        2
c - Ensorcelled Hibernat  Hex/Ice        0%         N/A       100%        2
d - Summon Guardian Gole  Hex/Summ       0%         N/A       100%        3
Your spell library was empty.


Dungeon Overview and Level Annotations

Branches:
Dungeon (8/15)             Temple (0/1) D:4
   Lair: D:8-11

Altars:
Fedhas


Innate Abilities, Weirdness & Mutations

You are immune to sickness and miasma.
You are immune to poison.
Your flesh is very heat resistant. (rF++)
You are vulnerable to cold. (rC-)
You float through the air rather than walking.
You learn spells naturally, not from books.
Your magical power is your life essence.
You have superior vitality. (+4 HP)


Message History

The troll barely misses you. The troll claws you but does no damage.
The troll barely misses you.
You hit the troll.
You feel better.
The troll is heavily wounded.
The troll bites you but does no damage.
The troll claws you but does no damage. x2
The troll barely misses you. x2; The troll claws you but does no damage.
Your plate armour prevents you from hitting the troll.
The troll is moderately wounded.
The troll bites you but does no damage.
The troll claws you but does no damage. x2
You slash the troll!
You feel better.
The troll is heavily wounded.
The troll bites you but does no damage. The troll closely misses you.
The troll barely misses you. The troll bites you but does no damage.
The troll claws you! The troll claws you but does no damage.
You hit the troll.
You feel better.
The troll is severely wounded.
The troll bites you! The troll completely misses you.
The troll closely misses you.
You hit the troll.
The troll is severely wounded.
The troll bites you!
* * * LOW HITPOINT WARNING * * *
The troll barely misses you. The troll claws you but does no damage.
The troll bites you but does no damage. The troll claws you.
* * * LOW HITPOINT WARNING * * *
The troll claws you.
* * * LOW HITPOINT WARNING * * *
You slash the troll!
You feel better.
The troll is almost dead.
The troll bites you!
* * * LOW HITPOINT WARNING * * *
The troll claws you!
* * * LOW HITPOINT WARNING * * *
The troll barely misses you. x2; The troll claws you.
* * * LOW HITPOINT WARNING * * *
The troll barely misses you.
You hit the troll but do no damage.
The troll is almost dead.
The troll bites you!
You die...

'###.#####.##.#..................
.# #.....#.#.....................
.#######.#.####..................
.#...............................
.#.#####.#.####.............)....
.#.# #.#'#................(......
.#.# #.....#####.................
.#.###.....+.....................
.#.........#####@................
.#######'#.# #.T...(.............
.......#.#.# #.#.................
######.#.#.# #.#.................
#...#.#.# #.#...............).
#.###.#.###.#.........(.......
#.# #.#...#.#................(
#.# #.###.#.#.................
#.# #.###'#+#.................


You could see a troll.

Vanquished Creatures
  Psyche (D:8)
  Grinder (D:6)
  Sigmund (D:4)
  Edmund (D:6)
  2 orc warriors
  A sky beast (D:6)
  2 ice beasts
  3 black bears
  5 ogres
  A necrophage (D:3)
  2 wolves (D:8)
  3 centaurs (D:7)
  A phantom (D:7)
  Blork the orc (D:6)
  A bullfrog (D:8)
  A scorpion (D:6)
  2 water moccasin skeletons (D:5)
  4 killer bees (D:7)
  4 wights (D:6)
  2 jellies (D:5)
  A centaur zombie (D:7)
  2 hounds (D:8)
  2 bullfrog skeletons
  Crazy Yiuf (D:5)
  A bullfrog zombie (D:5)
  An orc priest (D:6)
  An iguana (D:7)
  3 orc wizards
  A killer bee zombie (D:7)
  4 adders
  3 gnolls (D:6)
  2 white imps
  2 ufetubi (D:6)
  2 adder skeletons (D:4)
  2 worms (D:4)
  2 dart slugs
  12 orcs
  6 ball pythons
  6 bats
  4 endoplasms
  3 giant cockroaches
  4 goblins
  7 hobgoblins
  16 jackals
  5 kobolds
  3 quokkas
  7 frilled lizards
  8 rats
150 creatures vanquished.

Vanquished Creatures (others)
  3 orcs (D:8)
3 creatures vanquished.

Grand Total: 153 creatures vanquished

Notes
Turn   | Place    | Note
-------+----------+-------------------------------------------
     0 | D:1      | Fv001 the Djinni Berserker began the quest for the Orb.
     0 | D:1      | Reached XP level 1. HP: 20/20 MP: 0/0
   190 | D:1      | Reached XP level 2. HP: 21/25 MP: 0/0
   730 | D:2      | Reached skill level 3 in Axes
   730 | D:2      | Reached XP level 3. HP: 30/30 MP: 0/0
   730 | D:2      | Learned a level 1 spell: Foxfire
   753 | D:2      | Found a faded altar of an unknown god.
  1146 | D:3      | Reached ** piety under Trog
  1147 | D:3      | Reached XP level 4. HP: 35/35 MP: 0/0
  1285 | D:3      | Noticed a necrophage
  1292 | D:3      | Killed a necrophage
  1293 | D:3      | Reached skill level 4 in Axes
  1293 | D:3      | Reached XP level 5. HP: 40/40 MP: 0/0
  1293 | D:3      | Learned a level 2 spell: Poisonous Vapours
  1955 | D:4      | Reached XP level 6. HP: 46/46 MP: 0/0
  2063 | D:4      | Found a blossoming altar of Fedhas.
  2112 | D:4      | Noticed Sigmund
  2120 | D:4      | Killed Sigmund
  2144 | D:4      | Found a staircase to the Ecumenical Temple.
  2184 | D:4      | Reached XP level 7. HP: 51/51 MP: 0/0
  2184 | D:4      | Learned a level 2 spell: Ensorcelled Hibernation
  2202 | D:4      | Reached skill level 5 in Axes
  2382 | D:4      | Reached *** piety under Trog
  2523 | D:5      | Entered Level 5 of the Dungeon
  2825 | D:5      | Reached XP level 8. HP: 58/58 MP: 0/0
  2839 | D:5      | Reached skill level 6 in Axes
  3149 | D:5      | Found a runed translucent door.
  3150 | D:5      | Noticed Crazy Yiuf
  3157 | D:5      | Killed Crazy Yiuf
  3389 | D:6      | Reached skill level 7 in Axes
  3396 | D:6      | Reached skill level 5 in Fighting
  3489 | D:6      | Reached XP level 9. HP: 65/65 MP: 0/0
  3489 | D:6      | Learned a level 3 spell: Summon Guardian Golem
  3662 | D:6      | Reached skill level 5 in Armour
  3712 | D:6      | Noticed Blork the orc
  3716 | D:6      | Noticed Grinder
  3724 | D:6      | Killed Blork the orc
  3736 | D:6      | Killed Grinder
  3990 | D:6      | Noticed Edmund
  4007 | D:6      | Killed Edmund
  4008 | D:6      | Reached skill level 8 in Axes
  4013 | D:6      | Reached **** piety under Trog
  4886 | D:7      | Reached XP level 10. HP: 63/72 MP: 0/0
  5025 | D:8      | Noticed Psyche
  5040 | D:8      | Killed Psyche
  5041 | D:8      | Reached skill level 9 in Axes
  5079 | D:7      | Slain by a troll

Illustrated notes

Levels and vault maps discovered:
D:1:      minmay_arrival_wavy_path, layout_loops_ring
D:2:      layout_basic, hellmonk_ecumenical_altar_run_dry
D:3:      minmay_diamond_boxcup, layout_basic
D:4:      layout_basic, fedhas_altar_1, minmay_temple_entry_statues_pillars,
          lightli_corner_chamber, uniq_sigmund
D:5:      layout_basic, grunt_decor_arrowhead, minmay_misc_feat_chi,
          uniq_crazy_yiuf_cottage
D:6:      layout_loops_corners, uniq_blork_the_orc, uniq_edmund, uniq_grinder
D:7:      layout_basic, kennysheep_cross_room, serial_park_tiny_pond
D:8:      layout_loops_ring, erik_lair_island, wad_rectangle_vault, uniq_pikel,
          uniq_maurice, uniq_psyche

Skill      XL: |  1  2  3  4  5  6  7  8  9 10 |
---------------+-------------------------------+-----
Axes           | 3 4 5 7 8 9 |  9.2
Armour         | 3 4 6 7 |  7.1
Fighting       | 4 5 6 |  6.8
Dodging        | 3 |  3.7
Stealth        | |  0.5

Action                   |  1- 3 |  4- 6 |  7- 9 | 10-12 || total
-------------------------+-------+-------+-------+-------++-------
Melee: Hand axe          |    92 |    32 |       |       ||   124
       War axe           |       |    68 |   284 |    62 ||   414
Invok: Berserk           |       |     3 |     8 |     1 ||    12
       Trog's Hand       |       |       |       |     1 ||     1
  Use: Scroll            |     2 |       |     1 |       ||     3
 Stab: Sleeping          |     2 |       |       |       ||     2
Armor: Animal skin       |    13 |       |       |       ||    13
       Chain mail        |    48 |    45 |       |       ||    93
       Plate armour      |       |     5 |   246 |    91 ||   342
Dodge: Dodged            |    52 |    40 |   111 |    58 ||   261

Table legend: (Time is in decaauts)
 A = Elapsed time spent in this place.
 B = Non-inter-level travel time spent in this place.
 C = Inter-level travel time spent in this place.
 D = Time resting spent in this place.
 E = Time spent auto-exploring this place.
 F = Levels seen in this place.
 G = Mean time per level.
                   A        B        C        D        E       F      G
               +--------+--------+--------+--------+--------+-----+--------+
         Total |   5250 |   5127 |    123 |      0 |   3859 |   8 |  656.2 |
       Dungeon |   5250 |   5127 |    123 |      0 |   3859 |   8 |  656.2 |
               +--------+--------+--------+--------+--------+-----+--------+

Top non-repeatable levels by time:
     D:6: 1019 daAuts
     D:3: 820 daAuts
     D:5: 817 daAuts
     D:7: 762 daAuts
     D:1: 668 daAuts
     D:4: 635 daAuts
     D:2: 483 daAuts
     D:8: 43 daAuts
